 Dungeon Crawl Stone Soup version 0.28.0-45-g0d030f2227 (webtiles) character file.

Game seed: 12775024976772691939

578 boopmooplesden the Chopper (level 7, -11/62 HPs)
             Began as a Minotaur Berserker on Apr 14, 2022.
             Was a Believer of Trog.
             Mangled by a yak (14 damage)
             ... on level 4 of the Dungeon.
             The game lasted 00:02:48 (3320 turns).

boopmooplesden the Chopper (Minotaur Berserker)     Turns: 3320, Time: 00:02:48

Health: -11/62     AC:  2    Str: 22    XL:     7   Next: 13%
Magic:  6/6        EV: 14    Int:  4    God:    Trog [**....]
Gold:   173        SH:  0    Dex: 17    Spells: 6/6 levels left

rFire   . . .      SeeInvis .   u - +0 war axe
rCold   . . .      Faith    .   (no shield)
rNeg    + . .      Spirit   .   b - +0 animal skin
rPois   .          Reflect  .   (helmet restricted)
rElec   .          Harm     .   (no cloak)
rCorr   .          Rampage  .   (no gloves)
Will    .....                   (no boots)
Stlth   ++........              (no amulet)
HPRegen 0.20/turn               g - ring of positive energy
MPRegen 0.10/turn               r - +6 ring of dexterity

@: on berserk cooldown, slowed, very slow
A: horns 2, retaliatory headbutt
a: Renounce Religion, Berserk, Trog's Hand


You were on level 4 of the Dungeon.
You worshipped Trog.
Trog was pleased with you.
You visited 1 branch of the dungeon, and saw 4 of its levels.

You collected 173 gold pieces.

Inventory:

Hand Weapons
 u - a +0 war axe (weapon)
Armour
 a - an orb of light
 b - a +0 animal skin (worn)
Jewellery
 g - a ring of positive energy (left hand)
 r - a +6 ring of dexterity (right hand)
 v - an amulet of faith
Scrolls
 f - a scroll of fog {unknown}
 h - 2 scrolls of identify {unknown}
 j - a scroll of magic mapping {unknown}
 k - 2 scrolls of enchant weapon {unknown}
 m - 2 scrolls of enchant armour {unknown}
 o - a scroll of noise {unknown}
 q - a scroll of vulnerability {unknown}
 t - a scroll of teleportation {unknown}
Potions
 c - 2 potions of heal wounds {unknown}
 d - a potion of haste {unknown}
 e - a potion of lignification {unknown}
 i - a potion of resistance
 l - 2 potions of brilliance {unknown}
 n - a potion of berserk rage {unknown}
 p - a potion of ambrosia {unknown}
 s - a potion of mutation {unknown}


   Skills:
 + Level 5.7 Fighting
 + Level 7.1 Axes
 + Level 2.8 Armour
 + Level 4.0 Dodging
 + Level 2.0 Stealth


You had 6 spell levels left.
You didn't know any spells.
Your spell library was empty.

Dungeon Overview and Level Annotations

Branches:
Dungeon (4/15)
 Temple: D:4-7

Altars:
Nemelex Xobeh
Yredelemnul


Innate Abilities, Weirdness & Mutations

You have a pair of horns on your head.
You reflexively headbutt those who attack you in melee.


Message History

You headbutt the yak! You barely miss the yak.
The yak bellows!
You headbutt the yak, but do no damage.
The yak is almost dead.
You slash the yak!
You hear a bellow!
The yak barely misses you. x2
You slash the yak!
You kill the yak!
Trog accepts your kill.
You hit the yak. The yak misses you.
You hit the yak.
You kill the yak!
Trog accepts your kill.
Your Axes skill increases to level 7!
Your Dodging skill increases to level 4!
Your Stealth skill increases to level 2!
You have reached level 7!
You hit the yak. You headbutt the yak.
The yak is moderately wounded.
The yak gores you! The yak misses you. The yak gores you!
Things that are here:
a yak corpse; a yak corpse You hit the yak but do no damage.
You headbutt the yak!!
The yak is almost dead.
You hit the yak but do no damage. You slash the yak!
You are no longer berserk.
You are exhausted.
You feel yourself slow down. The yak barely misses you. The yak gores you!
* * * LOW HITPOINT WARNING * * *
Okay, then.
The yak gores you.
* * * LOW HITPOINT WARNING * * *
The yak gores you.
* * * LOW HITPOINT WARNING * * *
The yak gores you!
* * * LOW HITPOINT WARNING * * *
The yak gores you!
You die...

#.# # .. #
#####.# # .......
# .......##
........# # #Y##
#. #YY## #. ##@.#
#.. #...## ...#
##....### ...
#.......## ..<#
#........## ..#
#.........# #..#
#.........# ##..#
#.........###...#
#..........##..#


You could see 3 yaks.

Vanquished Creatures
  3 yaks (D:4)
  A jelly (D:3)
  A howler monkey zombie (D:4)
  4 adders (D:2)
  A worm (D:2)
  2 orcs
  2 ball pythons
  3 bats
  4 endoplasms
  3 giant cockroaches
  10 goblins
  5 hobgoblins
  7 jackals (D:1)
  4 frilled lizards
  5 kobolds
  8 rats
63 creatures vanquished.

Vanquished Creatures (others)
  A fungus (D:3)
  6 plants (D:3)
7 creatures vanquished.

Grand Total: 70 creatures vanquished

Notes
Turn   | Place    | Note
-------+----------+-------------------------------------------
     0 | D:1      | boopmooplesden the Minotaur Berserker began the quest for
                  | the Orb.
     0 | D:1      | Reached XP level 1. HP: 19/19 MP: 0/0
   289 | D:1      | Reached XP level 2. HP: 19/27 MP: 1/1
   718 | D:1      | Reached skill level 4 in Axes
  1169 | D:1      | Reached XP level 3. HP: 33/34 MP: 2/2
  1822 | D:2      | Reached ** piety under Trog
  1835 | D:2      | Reached XP level 4. HP: 39/41 MP: 3/3
  1835 | D:2      | Found a basalt altar of Yredelemnul.
  2525 | D:3      | Found a sparkling altar of Nemelex Xobeh.
  2722 | D:3      | Found a faded altar of an unknown god.
  2893 | D:3      | Reached skill level 5 in Axes
  3183 | D:4      | Reached XP level 5. HP: 47/47 MP: 4/4
  3302 | D:4      | Noticed a yak
  3302 | D:4      | Noticed a yak
  3303 | D:4      | Noticed a yak
  3303 | D:4      | Noticed a yak
  3303 | D:4      | Noticed a yak
  3309 | D:4      | Killed a yak
  3310 | D:4      | Reached skill level 5 in Fighting
  3310 | D:4      | Reached skill level 6 in Axes
  3310 | D:4      | Reached skill level 1 in Stealth
  3310 | D:4      | Reached XP level 6. HP: 56/56 MP: 5/5
  3311 | D:4      | Noticed a yak
  3314 | D:4      | Killed a yak
  3315 | D:4      | Killed a yak
  3316 | D:4      | Reached skill level 7 in Axes
  3316 | D:4      | Reached XP level 7. HP: 62/62 MP: 6/6
  3320 | D:4      | HP: 3/62 [yak (7)]
  3320 | D:4      | Mangled by a yak

Illustrated notes

Levels and vault maps discovered:
D:1:      heliophobic_arrival_battle_scene, layout_loops_corners
D:2:      layout_basic, serial_curves, eino_curves_01, eino_curves_01,
          basic_altar, minmay_bisected
D:3:      layout_loops_ring, nemelex_diamond_rough_becter,
          dreamdust_ecumenical_altar_grove, chequers_serial_rivers_micro_e
D:4:      layout_cave_pods, nicolae_wu_jian_glorious_leap, serial_shops,
          nicolae_shop_competitors_out_of_business, minmay_distorted

Skill      XL: |  1  2  3  4  5  6 |
---------------+-------------------+-----
Fighting       | 4 5 |  5.7
Axes           | 4 5 6 7 |  7.1
Dodging        | 3 4 |  4.0
Stealth        | 1 2 |  2.0
Armour         | |  2.8

Action                   |  1- 3 |  4- 6 |  7- 9 || total
-------------------------+-------+-------+-------++-------
Melee: Hand axe          |    90 |    40 |       ||   130
       Headbutt          |     8 |    11 |     2 ||    21
       Punch             |     2 |       |       ||     2
       War axe           |       |    12 |     2 ||    14
Invok: Berserk           |       |     1 |       ||     1
 Stab: Sleeping          |       |     1 |       ||     1
Armor: Animal skin       |    16 |     8 |       ||    24
Dodge: Dodged            |    66 |    32 |     2 ||   100
